 Dungeon Crawl Stone Soup version 0.23.2-30-g0e89c35649 (webtiles) character file.

Game seed: 4512507531837541045

348 eccles the Digger (level 6, -1/34 HPs)
             Began as a Gargoyle Earth Elementalist on June 20, 2019.
             Was an Initiate of Vehumet.
             Slain by Sigmund
             ... wielding a +0 scythe of protection
              (14 damage)
             ... on level 5 of the Dungeon.
             The game lasted 00:21:28 (3434 turns).

eccles the Digger (Gargoyle Earth Elementalist)     Turns: 3434, Time: 00:21:29

Health: -1/34      AC:  8    Str: 14    XL:     6   Next: 60%
Magic:  0/10       EV: 12    Int: 18    God:    Vehumet [......]
Gold:   203        SH:  0    Dex: 10    Spells: 5/11 levels left

rFire    + . .     SeeInvis .   s - +0 short sword (venom)
rCold    . . .     Gourm    .   (no shield)
rNeg     + . .     Faith    .   e - +0 leather armour
rPois    ∞         Spirit   .   (no helmet)
rElec    +         Reflect  .   (no cloak)
rCorr    .         Harm     .   (no gloves)
MR       ++...     NoTele   +   m - +0 pair of boots
Stlth    ++........             (no amulet)
HPRegen  0.11/turn              r - +3 ring of slaying
MPRegen  0.12/turn              i - ring "Wipuet" {-Tele +Inv rF+ MR++ Str+3}

@: no status effects
A: negative energy resistance 1, electricity resistance, unbreathing,
petrification resistance, rot immunity, AC +4
a: Renounce Religion, Evoke Invisibility


You were on level 5 of the Dungeon.
You worshipped Vehumet.
Vehumet was noncommittal.
You were not hungry.

You visited 2 branches of the dungeon, and saw 6 of its levels.

You collected 203 gold pieces.

Inventory:

Hand Weapons
 o - a +0 spear
 s - a +0 short sword of venom (weapon)
 u - a +0 dagger of venom
Missiles
 b - 172 stones (quivered)
 k - 87 arrows
 n - 68 bolts
Armour
 c - a +0 robe
 e - a +0 leather armour (worn)
 m - a +0 pair of boots (worn)
Jewellery
 i - the ring "Wipuet" (right hand) {-Tele +Inv rF+ MR++ Str+3}
   (You found it on level 4 of the Dungeon)

   [ring of strength]

   It affects your strength (+3).
   It protects you from fire.
   It affects your resistance to hostile enchantments.
   It lets you turn invisible.
   It prevents most forms of teleportation.
 p - an uncursed amulet of guardian spirit
 r - a +3 ring of slaying (left hand)
Wands
 t - a wand of polymorph (4)
Scrolls
 a - 5 scrolls of teleportation
 f - 4 scrolls of fog
 q - 3 scrolls of remove curse
Potions
 g - 3 potions of resistance
 h - 4 potions of curing
 j - 3 potions of lignification {unknown}
 l - a potion of agility {unknown}
Comestibles
 d - 7 rations
 v - 2 chunks of flesh


   Skills:
 + Level 1.3 Fighting
 + Level 1.7 Short Blades
 + Level 0.4 Polearms
 + Level 2.1 Armour
 + Level 2.5 Dodging
 + Level 2.4 Stealth
 + Level 0.3 Unarmed Combat
 * Level 3.3 Spellcasting
 + Level 0.7 Transmutations
 * Level 5.4 Earth Magic


You had 5 spell levels left.
You knew the following spells:

 Your Spells              Type           Power        Failure   Level  Hunger
a - Sandblast             Erth           ###...       1%          1    None
b - Passwall              Tmut/Erth      ##......     9%          2    ##.....
c - Stone Arrow           Conj/Erth      ##....       19%         3    ###....

Your spell library contained the following spells:

 Spells                   Type           Power        Failure   Level  Hunger
 Magic Dart               Conj           #...         21%         1    None
 Blink                    Tloc           N/A          30%         2    ##.....
 Call Imp                 Summ           #.......     30%         2    ##.....
 Slow                     Hex            #.......     30%         2    ##.....
 Petrify                  Tmut/Erth      ##......     47%         4    ####...
 Lee's Rapid Deconstruct  Erth           ###.......   50%         5    ######.
 Conjure Flame            Conj/Fire      #.......     52%         3    ###....
 Mephitic Cloud           Conj/Pois/Air  #.......     52%         3    ###....


Dungeon Overview and Level Annotations

Branches:
Dungeon (5/15)             Temple (1/1) D:4

Altars:
Ashenzari
Cheibriados
Dithmenos
Fedhas
Hepliaklqana
Kikubaaqudgha
Makhleb
Okawaru
Qazlal
Uskayaw
Vehumet
Wu Jian
Yredelemnul
Zin
The Shining One

Annotations:
D:5 Sigmund


Innate Abilities, Weirdness & Mutations

You are resistant to torment.
Your stone body is resilient. (AC +4)
You are immune to poison.
You resist negative energy. (rN+)
You are resistant to electric shocks. (rElec)
You can survive without breathing.
You are immune to petrification.
You are immune to rotting.


Message History

You start resting.
Sigmund is too close now for your liking.
Casting: Sandblast (safe; 1% risk of failure)
Confirm with . or Enter, or press ? or * to list all spells.
Aiming: Sandblast (safe; 1% risk of failure)
Press: ? - help, Shift-Dir - straight line, f/p - Sigmund
Aim: Sigmund, wielding a +0 scythe of protection and wearing a +0 robe of positive energy (almost dead, unusually strong)
The blast of sand hits Sigmund but does no damage.
Sigmund is almost dead.
b - 172 stones
Casting: Sandblast (safe; 1% risk of failure)
Confirm with . or Enter, or press ? or * to list all spells.
You don't have enough magic to cast that spell.
Unknown command.
Sigmund casts a spell at you. The magic dart hits you!
You closely miss Sigmund.
Sigmund is almost dead.
Sigmund hits you with a +0 scythe of protection!
You die...

#...............#
#....#
##....###.......#
#..### ......
######### #..####.#
###.## #.......# #.
########.######
#.###### #......#.#
#......####.####.#.#
#....[..#.####.#.#
#.##.##.#@#......#
#....@...##.###
####.#.####.#
#.#......#
..######## ####


You could see Sigmund.

Vanquished Creatures
  A water moccasin zombie (D:4)
  A hound (D:5)
  An iguana (D:4)
  A worker ant (D:5)
  A hound zombie (D:4)
  A hound skeleton (D:5)
  9 adders
  3 worms
  2 dart slugs (D:1)
  5 leopard geckos
  2 orcs (D:3)
  7 bats
  7 giant cockroaches
  9 goblins
  14 hobgoblins
  4 quokkas (D:3)
  10 frilled lizards
  10 kobolds
  9 rats
97 creatures vanquished.

Notes
Turn   | Place    | Note
-------+----------+-------------------------------------------
     0 | D:1      | eccles the Gargoyle Earth Elementalist began the quest for
                  | the Orb.
     0 | D:1      | Reached XP level 1. HP: 10/10 MP: 3/3
   172 | D:1      | Reached skill level 4 in Earth Magic
   194 | D:1      | Reached XP level 2. HP: 15/15 MP: 3/5
   365 | D:1      | You fall through a shaft!
   450 | D:2      | Reached XP level 3. HP: 12/19 MP: 1/6
   457 | D:2      | Learned a level 2 spell: Passwall
   461 | D:2      | Learned a level 3 spell: Stone Arrow
  1274 | D:2      | Reached XP level 4. HP: 19/24 MP: 7/7
  1999 | D:3      | Reached skill level 5 in Earth Magic
  1999 | D:3      | Reached XP level 5. HP: 20/28 MP: 9/9
  2007 | D:3      | Reached skill level 1 in Fighting
  2024 | D:3      | Reached skill level 1 in Armour
  2596 | D:4      | Reached skill level 1 in Short Blades
  2643 | D:4      | Reached XP level 6. HP: 33/34 MP: 10/10
  2788 | D:4      | Found a staircase to the Ecumenical Temple.
  2800 | Temple   | Entered the Ecumenical Temple
  2880 | Temple   | Became a worshipper of Vehumet
  3041 | D:4      | Got a clouded pewter ring
  3042 | D:4      | Identified the ring "Wipuet" {-Tele +Inv rF+ MR++ Str+3}
                  | (You found it on level 4 of the Dungeon)
  3288 | D:5      | Entered Level 5 of the Dungeon
  3409 | D:5      | Noticed Sigmund
  3434 | D:5      | Slain by Sigmund

Skill      XL: |  1  2  3  4  5  6 |
---------------+-------------------+-----
Earth Magic    | 4 5 |  5.4
Dodging        | 2 |  2.5
Fighting       | 1 |  1.3
Armour         | 1 2 |  2.1
Spellcasting   | 3 |  3.3
Short Blades   | 1 |  1.7
Polearms       | |  0.4
Stealth        | |  2.4
Unarmed Combat | |  0.3
Transmutations | |  0.7

Action                   |  1- 3 |  4- 6 || total
-------------------------+-------+-------++-------
Melee: Unarmed           |    27 |       ||    27
       Spear             |    34 |       ||    34
       Short sword       |    12 |   168 ||   180
 Cast: Sandblast         |    34 |    16 ||    50
  Use: Scroll            |       |    11 ||    11
 Stab: Sleeping          |       |     2 ||     2
  Eat: Chunk             |     1 |     5 ||     6
       Ration            |       |     1 ||     1
Armor: Leather armour    |    47 |    84 ||   131
Dodge: Dodged            |    57 |   105 ||   162
